 Dungeon Crawl Stone Soup version 0.26.1 (webtiles) character file.

Game seed: 15814307965875187099

14 Marvel the Ducker (level 2, 0/16 HPs)
             Began as a Spriggan Abyssal Knight on Feb 7, 2021.
             Was a Believer of Lugonu.
             Succumbed to an adder's poison
             ... on level 2 of the Dungeon.
             The game lasted 00:01:51 (674 turns).

Marvel the Ducker (Spriggan Abyssal Knight)          Turns: 674, Time: 00:01:51

Health: 0/16       AC:  2    Str:  8    XL:     2   Next: 27%
Magic:  4/4        EV: 19    Int: 13    God:    Lugonu [**....]
Gold:   61         SH:  0    Dex: 15    Spells: 1/1 levels left

rFire    . . .     SeeInvis +   a - +1 short sword
rCold    . . .     Faith    .   (shield restricted)
rNeg     . . .     Spirit   .   b - +0 robe
rPois    .         Reflect  .   (helmet restricted)
rElec    .         Harm     .   (no cloak)
rCorr    .         Rampage  .   (gloves unavailable)
Will     .....                  (boots unavailable)
Stlth    +.........             (no amulet)
HPRegen  0.05/turn              (no ring)
MPRegen  0.09/turn              (no ring)

@: lethally poisoned (0 -> -7), very quick
A: very small, unfitting armour, see invisible, speed 3
a: Renounce Religion, Depart the Abyss, Bend Space


You were on level 2 of the Dungeon.
You worshipped Lugonu.
Lugonu was pleased with you.
You visited 1 branch of the dungeon, and saw 2 of its levels.
You visited the Abyss 1 time.

You collected 61 gold pieces.

Inventory:

Hand Weapons
 a - a +1 short sword (weapon)
Armour
 b - a +0 robe (worn)
Scrolls
 e - a scroll of amnesia {unknown}
 f - a scroll of fear {unknown}
 g - a scroll of remove curse {unknown}
 i - 2 scrolls of identify {unknown}
 j - a scroll of immolation {unknown}
 l - a scroll of teleportation {unknown}
Potions
 c - a potion of curing {unknown}
 d - 2 potions of flight {unknown}
 h - a potion of heal wounds {unknown}
 k - a potion of resistance {unknown}


   Skills:
 + Level 2.6 Fighting
 + Level 2.6 Short Blades
 + Level 3.8 Dodging
 + Level 0.2 Stealth
 + Level 1.8 Invocations


You had one spell level left.
You didn't know any spells.
Your spell library was empty.

Dungeon Overview and Level Annotations

Branches:
Dungeon (2/15)

Altars:


Innate Abilities, Weirdness & Mutations

You are very small and have problems with some larger weapons.
You are too small for most types of armour.
You have supernaturally acute eyesight. (SInv)
You cover ground extremely quickly.


Message History

You miss the adder.
The bat barely misses you. x2; The adder bites you.
You hit the adder.
The adder is lightly wounded.
The bat hits you but does no damage. The adder bites you but does no damage.
The bat barely misses you.
You completely miss the adder.
The adder is lightly wounded.
The bat closely misses you. x2; The adder barely misses you.
You hit the adder but do no damage.
The adder is lightly wounded.
The bat barely misses you. The adder bites you.
* * * LOW HITPOINT WARNING * * *
The adder barely misses you.
You hit the adder.
The adder is heavily wounded.
The bat misses you. The adder bites you.
* * * LOW HITPOINT WARNING * * *
You are lethally poisoned!
The adder poisons you!
You die...

... #.# . #.# #. #.#
##.# #.# #...# #.#
...... ##.## ......#
##...#
.......###.@..#########
.........S........[....
........###b...########
......#.# #..#.#
.....##.# #....# #...#
#.######.# ##+#
#....<...# ########.#
#.#


You could see an adder and a bat.

Vanquished Creatures
  A giant cockroach (D:1)
  A goblin (D:1)
  2 hobgoblins (D:1)
  4 bats
  4 kobolds
  2 rats (D:1)
14 creatures vanquished.

Notes
Turn   | Place    | Note
-------+----------+-------------------------------------------
     0 | Abyss:1  | Marvel the Spriggan Abyssal Knight began the quest for the
                  | Orb.
     0 | Abyss:1  | Reached XP level 1. HP: 11/11 MP: 3/3
    77 | Abyss:1  | Found a corrupted altar of Lugonu.
    94 | D:1      | Escaped the Abyss
   481 | D:1      | Reached XP level 2. HP: 16/16 MP: 4/4
   668 | D:2      | Reached ** piety under Lugonu
   674 | D:2      | Succumbed to an adder's poison

Illustrated notes

Levels and vault maps discovered:
D:1:      minmay_arrival_diagonal_passages, layout_rooms
D:2:      layout_loops_corners, kennysheep_ying_yang

Action                   || total
-------------------------++-------
Melee: Short sword       ||    40
 Stab: Sleeping          ||     1
Armor: Robe              ||     4
Dodge: Dodged            ||    37
